 Dungeon Crawl Stone Soup version 0.30.1-11-g7821555f0a (webtiles) character file.

Game seed: 3608677269345309824

2 comborobin the Sneak (level 1, 0/18 HPs)
             Began as a Demigod Delver on Dec 16, 2023.
             Slain by a hobgoblin zombie (1 damage)
             ... in an ossuary.
             The game lasted 00:00:33 (65 turns).

comborobin the Sneak (Demigod Delver)                 Turns: 65, Time: 00:00:34

Health: 0/18       AC:  3    Str: 13    XL:     1   Next: 26%
Magic:  3/3        EV: 11    Int: 12    God:
Gold:   0          SH:  0    Dex: 15    Spells: 0/0 levels left

rFire   . . .        h - +2 war axe (holy)
rCold   . . .        (no shield)
rNeg    . . .        b - +0 leather armour
rPois   .            (no helmet)
rElec   .            (no cloak)
rCorr   .            (no gloves)
SInv    .            (no boots)
Will    .....        (no amulet)
Stlth   +++          (no ring)
HPRegen 0.23/turn    (no ring)
MPRegen 0.08/turn

%: no passive effects
@: hasted, very quick
A: high MP 1, forlorn, divine attributes
a: no special abilities


You were in an ossuary.
You visited 1 branch of the dungeon, and saw 1 of its levels.
You also visited: Ossuary.

Inventory:

Hand Weapons
 a - a +0 mace
 h - a +2 war axe of holy wrath (weapon)
Armour
 b - a +0 leather armour (worn)
Wands
 g - a wand of digging (3)
Scrolls
 c - a scroll of fog
 d - a scroll of teleportation {unknown}


   Skills:
 - Level 2.6 Fighting
 + Level 0.6(1.3) Axes
 - Level 1.7(1.9) Maces & Flails
 - Level 1.7 Dodging
 - Level 4.5 Stealth


You couldn't memorise any spells.
You didn't know any spells.
Your spell library was empty.

Dungeon Overview and Level Annotations

Branches:
Dungeon (5/15)             Temple (0/1) D:5         Ossuary (1/1)


Innate Abilities, Weirdness & Mutations

You have an increased reservoir of magic. (+10% MP)
You shall have no god before yourself.
Your divine heritage dramatically boosts your attributes as you level up.


Message History

The gnoll bouda barks out a call to the hunt!
The gnolls pick up the pace!
A gnoll comes into view. It is wielding a +0 halberd.
As you read the scroll of fear, it crumbles to dust.
You assume a fearsome visage.
The gnoll bouda looks frightened!
The gnoll looks frightened! x3; The hound looks frightened!
You closely miss the gnoll.
Found a stone staircase leading down.
You open the door.
Found a sand-covered staircase.
There is an open door here.
There is a sand-covered staircase here.
The world spins around you as you enter the gateway.
You enter an ossuary!
Found a gate leading back out of this place.
There is an empty arch of ancient stone here.
There are monsters nearby!
You aren't carrying any potions.
Unknown command.
You completely miss the mummy. The mummy closely misses you.
You hit the mummy.
The mummy convulses.
The mummy is moderately damaged.
You hit the mummy but do no damage.
The mummy is moderately damaged.
The mummy hits you!
Ouch! That really hurt!
* * * LOW HITPOINT WARNING * * *
There is a gate leading back out of this place here.
You open the door. 2 hobgoblin zombies come into view.
An adder zombie and a rat zombie come into view.
There is an open door here.
The hobgoblin zombie hits you.
* * * LOW HITPOINT WARNING * * *
You close the door.
The hobgoblin zombie hits you but does no damage. x2
The adder zombie bites you.
* * * LOW HITPOINT WARNING * * *
The hobgoblin zombie hits you.
You die...

# ### ####
###.###.########..#
........Z.#..M...##
......Z@..+.∩M∩M..#
........Z.#......##
###Z###.########..#
# ### ####


You could see an adder zombie, a rat zombie (dormant) and 2 hobgoblin zombies.

Vanquished Creatures
  A dart slug (D:5)
1 creature vanquished.

Notes
Turn   | Place    | Note
-------+----------+-------------------------------------------
     0 | D:5      | comborobin the Demigod Delver began the quest for the Orb.
     0 | D:5      | Reached XP level 1. HP: 18/18 MP: 3/3
    28 | D:5      | Noticed a hound
    38 | D:5      | Noticed a gnoll bouda
    44 | D:5      | Found a sand-covered staircase.
    49 | Ossuary  | Entered an ossuary
    65 | Ossuary  | Slain by a hobgoblin zombie

Illustrated notes

Levels and vault maps discovered:
D:5:      layout_rooms, grunt_temple_overflow_order_and_chaos_2,
          minmay_temple_entry_trees, enter_ossuary_2, uniq_edmund
Ossuary:  ossuary_minmay_chase

Action                     || total
---------------------------++-------
  Melee: War axe           ||     8
    Use: Scroll            ||     2
         Potion            ||     1
 Armour: Leather armour    ||     4
  Dodge: Dodged            ||     6
